 Seeded DCSS version 0.30.0-5-g1a98f26d00 (webtiles) character file.

Game seed: 8273583496444820923 (custom seed)

61 hbarley the Shield-Bearer (level 3, -3/33 HPs)
             Began as a Minotaur Fighter on May 12, 2023.
             Slain by Sigmund
             ... wielding a +0 scythe
              (7 damage)
             ... on level 3 of the Dungeon.
             The game lasted 00:03:49 (1369 turns).

hbarley the Shield-Bearer (Minotaur Fighter)        Turns: 1369, Time: 00:03:49

Health: -3/33      AC: 10    Str: 22    XL:     3   Next: 83%
Magic:  0/2        EV:  9    Int:  5    God:
Gold:   83         SH:  4    Dex:  9    Spells: 2/2 levels left

rFire   . . .        a - +0 trident
rCold   . . .        c - +0 buckler
rNeg    . . .        b - +0 scale mail
rPois   .            (helmet restricted)
rElec   .            (no cloak)
rCorr   .            i - +1 pair of gloves
SInv    .            l - +0 pair of boots
Will    .....        n - amulet of guardian spirit Stlth
                     (no ring)
HPRegen 0.25/turn    (no ring)
MPRegen 0.08/turn

%: guardian spirit
@: no status effects
A: horns 2, retaliatory headbutt
a: no special abilities


You were on level 3 of the Dungeon.
You visited 1 branch of the dungeon, and saw 3 of its levels.

You collected 83 gold pieces.

Inventory:

Hand Weapons
 a - a +0 trident (weapon)
Armour
 b - a +0 scale mail (worn)
 c - a +0 buckler (worn)
 i - a +1 pair of gloves (worn)
 l - a +0 pair of boots (worn)
Jewellery
 n - an amulet of guardian spirit (around neck)
Scrolls
 f - a scroll of poison {unknown}
 g - a scroll of acquirement {unknown}
 j - a scroll of identify {unknown}
 m - a scroll of vulnerability {unknown}
Potions
 d - a potion of might
 e - a potion of flight {unknown}
 h - a potion of mutation {unknown}
 k - a potion of magic {unknown}


   Skills:
 + Level 4.1 Fighting
 + Level 3.4 Polearms
 + Level 4.1 Armour
 + Level 0.3 Dodging
 + Level 0.2 Stealth
 + Level 4.2 Shields


You had 2 spell levels left.
You didn't know any spells.
Your spell library was empty.

Dungeon Overview and Level Annotations

Branches:
Dungeon (3/15)

Altars:

Annotations:
D:3 Sigmund


Innate Abilities, Weirdness & Mutations

You have a pair of horns on your head.
You reflexively headbutt those who attack you in melee.


Message History

You see here an amulet of guardian spirit.
n - an amulet of guardian spirit You hit the kobold.
You kill the kobold!
Things that are here:
a +0 dagger; a kobold corpse You start putting on your amulet.
You continue putting on your amulet of guardian spirit.
Keep equipping yourself? [Y]es or [N]o only, please.
Keep equipping yourself? [Y]es or [N]o only, please.
Keep equipping yourself?
You continue putting on your amulet of guardian spirit.
Sigmund points at you and mumbles some strange words.
The puff of flame hits you.
You continue putting on your amulet of guardian spirit. x3
HP restored.
You finish putting on your amulet of guardian spirit.
You feel your power drawn to a protective spirit.
n - an amulet of guardian spirit (around neck)
Found a brown potion.
Sigmund hits you with a +0 scythe.
You barely miss Sigmund. Your headbutt misses Sigmund.
You completely miss Sigmund. You headbutt Sigmund, but do no damage.
Sigmund hits you but does no damage.
You hit Sigmund but do no damage. Sigmund hits you with a +0 scythe!
You barely miss Sigmund.
Sigmund casts a spell.
Sigmund flickers and vanishes!
Deactivating autopickup; reactivate with Ctrl-A.
You hit something. Your headbutt misses something. Something hits you!
You closely miss something. Something hits you but does no damage.
You barely miss something. You barely miss something. You headbutt something.
You hear some strange, mumbled words.
A puff of flame appears from out of thin air!
The puff of flame hits you!
* * * LOW HITPOINT WARNING * * *
You closely miss something. Something hits you!
You die...

...# #.##.######.###.##
#...........<..?..
#..#.#####..###.## #
#..#.# #..# ## #
#.#..#.# #†.# ..
#.#.#..#.## #..# .#..
.##.........####..#....#
!.....{@).............#
...##....#.#..>.........
......#...#####..######
...##....### #..# ##
#..... ...# #######
#####


There were no monsters in sight!

Vanquished Creatures
  An adder (D:2)
  A worm (D:2)
  8 ball pythons
  7 bats
  3 endoplasms
  3 giant cockroaches
  2 goblins
  4 hobgoblins (D:1)
  4 jackals (D:1)
  2 quokkas
  2 frilled lizards (D:2)
  3 kobolds
  5 rats
45 creatures vanquished.

Notes
Turn   | Place    | Note
-------+----------+-------------------------------------------
     0 | D:1      | hbarley the Minotaur Fighter began the quest for the Orb.
     0 | D:1      | Reached XP level 1. HP: 19/19 MP: 0/0
   150 | D:1      | Reached XP level 2. HP: 24/27 MP: 1/1
   771 | D:2      | Reached XP level 3. HP: 32/33 MP: 2/2
  1355 | D:3      | Noticed Sigmund
  1369 | D:3      | Slain by Sigmund

Illustrated notes

Levels and vault maps discovered:
D:1:      dpeg_arrival_renting, layout_loops_ring, minmay_misc_feat_plants
D:2:      layout_rooms
D:3:      layout_loops_ring, nicolae_yredelemnul_corpse_copse,
          ebering_ecumenical_altar_rust, dreamdust_princess_corridor,
          uniq_sigmund, uniq_terence, uniq_ijyb

Skill      XL: |  1  2 |
---------------+-------+-----
Fighting       | 4 |  4.1
Shields        | 4 |  4.2
Armour         | 4 |  4.1
Polearms       | 3 |  3.4
Dodging        | |  0.3
Stealth        | |  0.2

Action                     || total
---------------------------++-------
  Melee: Trident           ||   105
         Headbutt          ||    14
 Armour: Scale mail        ||    66
  Dodge: Dodged            ||    67
  Block: Buckler           ||    22
